 Dungeon Crawl Stone Soup version 0.31-a0-202-g547052bce9 (webtiles) character file.

Game seed: 13127449673564153306

140 qw the Skirmisher (level 5, 0/29 HPs)
             Began as a Deep Elf Hunter on June 26, 2023.
             Slain by a black bear (1 damage)
             ... on level 4 of the Dungeon.
             The game lasted 00:00:57 (2310 turns).

qw the Skirmisher (Deep Elf Hunter)                 Turns: 2310, Time: 00:00:58

Health: 0/29       AC:  5    Str: 10    XL:     5   Next: 2%
Magic:  7/7        EV: 11    Int: 14    God:
Gold:   150        SH:  0    Dex: 21    Spells: 4/4 levels left

rFire   . . .        Y - +3 shortbow
rCold   . . .        (shield currently unavailable)
rNeg    . . .        h - +0 ring mail of Buisaf {rElec Dex+3}
rPois   .            (no helmet)
rElec   +            (no cloak)
rCorr   .            (no gloves)
SInv    .            (no boots)
Will    .....        (no amulet)
Stlth   +            (no ring)
HPRegen 0.24/turn    (no ring)
MPRegen 0.10/turn

%: no passive effects
@: no status effects
A: no striking features
a: no special abilities


You were on level 4 of the Dungeon.
You visited 1 branch of the dungeon, and saw 4 of its levels.

You collected 150 gold pieces.


   Skills:
 - Level 1.5 Fighting
 + Level 8.4 Ranged Weapons
 - Level 2.4 Dodging
 - Level 1.2 Stealth


You had 4 spell levels left.
You didn't know any spells.
Your spell library was empty.

Inventory:

Hand Weapons
 Y - a +3 shortbow (weapon)
Armour
 h - the +0 ring mail of Buisaf (worn) {rElec Dex+3}
   (You found it on level 2 of the Dungeon)

   Dex:       It affects your dexterity (+3).
   rElec:     It insulates you from electricity.
 m - a +2 leather armour of fire resistance
Scrolls
 i - 2 scrolls of identify
Potions
 b - a potion of haste
 d - a potion of might
 e - 2 potions of enlightenment
 l - a potion of resistance {unknown}

Dungeon Overview and Level Annotations

Branches:
Dungeon (4/15)
 Temple: D:4-7

Altars:


Message History

A black bear comes into view.
You shoot an arrow. The arrow barely misses the iguana.
The black bear growls angrily.
You shoot an arrow. The arrow hits the black bear!
The black bear is moderately wounded.
Enter note:
Enter note:
Enter note: You shoot an arrow.
The arrow hits the iguana.
The iguana is moderately wounded.
You shoot an arrow.
The arrow hits the iguana but does no damage.
The iguana is moderately wounded.
The iguana bites you.
You shoot an arrow. The arrow hits the iguana!
The iguana is severely wounded.
The iguana bites you!
You shoot an arrow. The arrow hits the iguana!
You kill the iguana!
You have reached level 5!
You shoot an arrow. The arrow hits the black bear!
The black bear is severely wounded.
The black bear bites you but does no damage.
The black bear closely misses you. The black bear claws you.
The black bear barely misses you.
The black bear claws you but does no damage. x2
You shoot an arrow. The arrow barely misses the black bear.
The black bear completely misses you. The black bear claws you. x2
You shoot an arrow. The arrow hits the black bear.
The black bear is severely wounded.
The black bear closely misses you. The black bear misses you.
The black bear claws you but does no damage.
You shoot an arrow. The arrow barely misses the black bear.
The black bear bites you but does no damage.
The black bear claws you but does no damage.
The black bear claws you.
You shoot an arrow.
The arrow closely misses the black bear.
The black bear bites you.
You die...

####... ...<... .......
.... ......... .......
....###.#.....## .......
#.#..##...#..... .......
#.##.....##.#.###.......
..............##...%....
###........#..#.@.......
#..........#....#h......
#.#...................#.
.<#.#......######.....#
.#..##.##### .......
.......# .....##
...###..# .....# ..##
##..# .....# .## #[#


You could see a black bear.

Vanquished Creatures
  An iguana (D:4)
  3 adders
  2 worms
  3 dart slugs
  An orc (D:3)
  7 endoplasms
  2 giant cockroaches
  4 goblins
  5 hobgoblins
  5 jackals (D:1)
  2 quokkas
  12 ball pythons
  8 bats
  3 frilled lizards
  5 kobolds
  5 rats
68 creatures vanquished.

Notes
Turn   | Place    | Note
-------+----------+-------------------------------------------
     0 | D:1      | qw the Deep Elf Hunter began the quest for the Orb.
     0 | D:1      | Reached XP level 1. HP: 12/12 MP: 3/3
     0 | D:1      | 0 ||| qw: Version: 0.3-a-22-g0ed2b0b
     0 | D:1      | 0 ||| qw: Game counter: 5816
     0 | D:1      | 0 ||| qw: Melee chars always use a shield: true
     0 | D:1      | 0 ||| qw: God list: Okawaru
     0 | D:1      | 0 ||| qw: Allow faded altars: false
     0 | D:1      | 0 ||| qw: Do Orc after clearing Dungeon:15 true
     0 | D:1      | 0 ||| qw: Do second Lair branch before Depths: true
     0 | D:1      | 0 ||| qw: Lair rune preference: random
     0 | D:1      | 0 ||| qw: Goals: Normal
     0 | D:1      | 0 ||| PLANNING D:1-11
   119 | D:1      | Reached XP level 2. HP: 16/16 MP: 4/4
   122 | D:1      | Reached skill level 6 in Ranged Weapons
   266 | D:1      | 266 ||| FLEEEEING.
   267 | D:1      | 267 ||| FLEEEEING.
   268 | D:1      | 268 ||| FLEEEEING.
   271 | D:1      | 271 ||| FLEEEEING.
   272 | D:1      | 272 ||| FLEEEEING.
   289 | D:1      | 289 ||| FLEEEEING.
   290 | D:1      | 290 ||| FLEEEEING.
   428 | D:1      | Reached XP level 3. HP: 20/20 MP: 5/5
   701 | D:1      | 701 ||| UPGRADING to +0 scale mail.
   711 | D:1      | 711 ||| DROPPING +0 leather armour.
   712 | D:1      | 712 ||| DROPPING scroll of butterflies.
   845 | D:2      | Reached skill level 7 in Ranged Weapons
   911 | D:2      | Identified the +0 ring mail of Buisaf {rElec Dex+3}
  1190 | D:2      | Reached XP level 4. HP: 22/25 MP: 6/6
  1514 | D:2      | 1514 ||| UPGRADING to +0 ring mail of Buisaf {rElec Dex+3}.
  1524 | D:2      | 1524 ||| DROPPING +0 scale mail.
  1525 | D:2      | 1525 ||| READING scroll labelled SOIWAR ELAEDYL.
  1526 | D:2      | 1526 ||| READING 2 scrolls labelled ASAJETWI ICVU.
  1527 | D:2      | 1527 ||| READING scroll labelled XIOSTR KASUH.
  1528 | D:2      | 1528 ||| READING scroll labelled NOHEPN ALOI.
  1573 | D:2      | 1573 ||| READING 3 scrolls labelled XUGOHU OLAUZEU.
  1574 | D:2      | 1574 ||| READING scroll labelled YTTAUS ZUDIOH.
  1575 | D:2      | 1575 ||| READING scroll labelled RATUUC BELAIPU.
  1579 | D:2      | 1579 ||| READING 3 scrolls labelled JAARIYGOCS.
  1580 | D:2      | 1580 ||| READING 2 scrolls of enchant weapon.
  1580 | D:2      | 1580 ||| ENCHANTING +1 shortbow.
  1581 | D:2      | 1581 ||| READING scroll of enchant weapon.
  1581 | D:2      | 1581 ||| ENCHANTING +2 shortbow.
  1582 | D:2      | 1582 ||| READING 2 scrolls of identify.
  1582 | D:2      | 1582 ||| IDENTIFYING sedimented dark potion
  1583 | D:2      | 1583 ||| DROPPING scroll of vulnerability.
  1832 | D:3      | Reached skill level 8 in Ranged Weapons
  1860 | D:3      | 1860 ||| DROPPING +0 antimagic sling.
  2205 | D:3      | 2205 ||| DRINKING 2 white potions.
  2206 | D:3      | 2206 ||| DRINKING 2 clear potions.
  2207 | D:3      | 2207 ||| READING 3 scrolls of identify.
  2207 | D:3      | 2207 ||| IDENTIFYING dark potion
  2208 | D:3      | 2208 ||| READING 2 scrolls of identify.
  2208 | D:3      | 2208 ||| IDENTIFYING fizzy grey potion
  2209 | D:3      | 2209 ||| DROPPING potion of attraction.
  2210 | D:3      | 2210 ||| DROPPING potion of lignification.
  2298 | D:4      | Noticed a black bear
  2306 | D:4      | Reached XP level 5. HP: 12/29 MP: 7/7
  2307 | D:4      | HP: 4/29 [black bear (4)]
  2309 | D:4      | HP: 1/29 [black bear (3)]
  2310 | D:4      | Slain by a black bear

Levels and vault maps discovered:
D:1:      wander_arrival_abandoned_jail, layout_rooms, minivault_5,
          minmay_shallow_snake_nest
D:2:      layout_loops_ring, minmay_nonomino_d4
D:3:      layout_loops_ring
D:4:      layout_rooms, gammafunk_ghost_smash

Skill      XL: |  1  2  3  4 |
---------------+-------------+-----
Ranged Weapons | 6 7 8 |  8.4
Fighting       | |  1.5
Dodging        | |  2.4
Stealth        | |  1.2

Action                     |  1- 3 |  4- 6 || total
---------------------------+-------+-------++-------
   Fire: Shortbow          |    99 |    85 ||   184
    Use: Scroll            |       |    13 ||    13
         Potion            |       |     2 ||     2
 Armour: Leather armour    |     6 |       ||     6
         Scale mail        |    11 |    17 ||    28
         Ring mail         |       |    11 ||    11
  Dodge: Dodged            |    27 |    25 ||    52

Table legend:
 A = Non-vault XP
 B = Vault XP
 C = Vault XP percentage of total XP
 D = Non-vault monster count
 E = Vault monster count
 F = Vault count percentage of total count
                 A         B        C        D         E       F
            +---------+---------+-------+---------+---------+-------
      Total |     190 |      10 |   5.0 |      61 |       7 |  10.3
            +---------+---------+-------+---------+---------+-------
        D:1 |      40 |       3 |   7.0 |      22 |       2 |   8.3
        D:2 |      71 |       7 |   9.0 |      24 |       5 |  17.2
        D:3 |      37 |       0 |   0.0 |      10 |       0 |   0.0
        D:4 |      42 |       0 |   0.0 |       5 |       0 |   0.0
            +---------+---------+-------+---------+---------+-------
